Map: Atmosphère 2 000 EC

Players

JustJumy - Winner!

  • Race: Protoss Protoss
  • League: Grandmaster

Prøject

  • Race: Terran Terran
  • League: Master

VOD

Have the link to the VOD?

Description

Time

  • Played on: April 30, 2021, 7:57 p.m.
  • Length: 20:46
Show
View Real Time Build Order
Export as new Build Order

JustJumy Protoss - Winner!

Build Orders: 1 Gate Expand, Blink Stalkers, Zealot Archon, Colossus Rush 

Get SALT Encoding   

  12  0:00  Probe  
  13  0:12  Probe  
  14  0:16  Pylon  
  14  0:24  Probe  
  15  0:36  Gateway, Probe (Chrono Boost)  
  16  0:47  Assimilator  
  16  0:48  Probe (Chrono Boost)  
  17  0:52  Probe (Chrono Boost)  
  18  1:03  Probe  
  19  1:15  Probe  
  20  1:23  Cybernetics Core  
  20  1:34  Nexus  
  20  1:43  Pylon  
  20  1:44  Probe  
  21  1:53  Assimilator  
  21  1:56  Probe  
  21  1:58  Adept (Chrono Boost)  
  24  2:09  Probe  
  24  2:14  Warp Gate  
  25  2:20  Stalker  
  25  2:21  Probe  
  28  2:33  Twilight Council  
  28  2:34  Probe  
  29  2:47  Probe (Chrono Boost)  
  31  2:51  Probe (Chrono Boost)  
  31  2:53  Sentry  
  31  2:56  Probe (Chrono Boost)  
  35  2:59  Probe (Chrono Boost)  
  35  3:01  Probe (Chrono Boost)  
  34  3:09  Gateway  
  34  3:11  Probe (Chrono Boost)  
  34  3:12  Robotics Facility  
  35  3:13  Probe (Chrono Boost)  
  36  3:25  Probe (Chrono Boost)  
  38  3:28  Probe (Chrono Boost)  
  38  3:30  Probe (Chrono Boost)  
  38  3:31  Blink (Chrono Boost)  
  39  3:34  Probe  
  40  3:41  Probe  
  40  3:45  Pylon  
  41  3:51  Probe  
  41  3:53  Probe  
  43  3:56  Nexus  
  43  3:59  Pylon  
  43  4:02  Observer  
  44  4:03  Probe  
  44  4:07  Probe  
  44  4:09  Stalker x2  
  49  4:15  Probe  
  50  4:19  Probe  
  50  4:22  Assimilator  
  50  4:23  Assimilator  
  51  4:26  Pylon  
  51  4:27  Probe  
  51  4:28  Observer  
  54  4:31  Probe  
  54  4:38  Stalker  
  56  4:39  Probe  
  56  4:44  Probe  
  56  4:45  Stalker  
  60  4:51  Probe  
  61  4:55  Forge  
  61  4:56  Probe  
  62  5:00  Robotics Bay  
  62  5:03  Probe  
  62  5:06  Observer  
  63  5:08  Probe x2 (Chrono Boost)  
  65  5:16  Stalker x2  
  65  5:20  Probe x3 (Chrono Boost)  
  72  5:25  Charge, Pylon  
  74  5:28  Probe (Chrono Boost)  
  74  5:29  Probe (Chrono Boost)  
  74  5:30  Probe (Chrono Boost), Shield Battery  
  74  5:34  Probe  
  75  5:37  Probe  
  75  5:38  Gateway  
  77  5:45  Colossus (Chrono Boost)  
  83  5:51  Probe  
  83  5:53  Zealot, Assimilator  
  83  5:54  Zealot, Assimilator  
  83  5:56  Gateway  
  88  5:57  Gateway  
  88  6:00  Gateway  
  88  6:02  Gateway  
  88  6:05  Pylon  
  88  6:10  Probe  
  89  6:12  Probe x2  
  89  6:15  Protoss Ground Weapons Level 1 (Chrono Boost)  
  89  6:16  Observer  
  89  6:18  Pylon  
  91  6:22  Probe  
  91  6:25  Extended Thermal Lance (Chrono Boost)  
  92  6:26  Colossus (Chrono Boost)  
  92  6:27  Probe  
  92  6:32  Probe  
  100  6:34  Pylon  
  100  6:35  Probe  
  100  6:36  Pylon  
  100  6:41  Probe  
  101  6:47  Forge  
  101  6:51  Zealot x4  
  109  6:56  Templar Archives  
  107  7:01  Sentry  
  107  7:02  Zealot x2, Observer  
  107  7:05  Probe  
  114  7:09  Colossus (Chrono Boost)  
  114  7:15  Zealot x2  
  124  7:16  Forge  
  124  7:23  Pylon  
  124  7:28  Nexus  
  124  7:32  Pylon  
  124  7:34  Probe  
  125  7:41  Probe  
  125  7:43  Robotics Facility  
  126  7:45  High Templar x3  
  126  7:48  Pylon  
  126  7:50  Archon  
  126  7:51  Zealot  
  134  7:57  Probe x2  
  128  8:05  Pylon x2, Colossus (Chrono Boost)  
  128  8:06  Pylon  
  128  8:09  Psionic Storm  
  128  8:11  Nexus  
  128  8:12  Pylon  
  134  8:16  Pylon  
  134  8:26  Stalker x4, Zealot  
  134  8:27  Zealot  
  146  8:31  Pylon  
  146  8:34  Disruptor (Chrono Boost)  
  142  8:36  Zealot  
  142  8:38  Probe x2  
  142  8:40  Protoss Ground Weapons Level 2 (Chrono Boost)  
  147  8:42  Gateway  
  147  8:43  Gateway  
  147  8:51  Observer (Chrono Boost)  
  148  8:57  Probe  
  148  8:58  High Templar x2  
  148  9:00  High Templar  
  148  9:02  Warp Prism  
  155  9:03  Photon Cannon  
  155  9:08  Assimilator  
  155  9:09  Assimilator  
  132  9:15  Zealot x4  
  130  9:22  Probe  
  131  9:28  Forge  
  131  9:31  Probe  
  128  9:34  High Templar x3, Observer  
  128  9:38  Zealot x4, Archon  
  134  9:39  Zealot x2  
  134  9:44  Immortal x2  
  154  10:01  High Templar x3  
  154  10:02  High Templar  
  154  10:04  Zealot x2  
  154  10:06  Archon x2  
  164  10:13  Nexus  
  160  10:14  Zealot x3  
  156  10:23  Immortal, Observer  
  156  10:25  Zealot x2  
  160  10:35  Pylon, Probe, Protoss Ground Armor Level 1 (Chrono Boost)  
  157  10:36  Zealot x7  
  157  10:39  Probe  
  144  10:52  Zealot x2  
  144  10:53  Probe  
  117  10:57  Archon  
  117  10:58  Stalker x3  
  99  11:06  Zealot x3  
  99  11:07  Zealot  
  99  11:14  Probe (Chrono Boost)  
  99  11:15  Disruptor, Probe (Chrono Boost)  
  99  11:18  Disruptor  
  99  11:20  High Templar x2  
  99  11:22  Probe (Chrono Boost)  
  105  11:30  Probe (Chrono Boost)  
  105  11:31  Probe (Chrono Boost)  
  105  11:32  Stalker x2, Probe (Chrono Boost)  
  111  11:38  High Templar x4  
  119  11:42  Archon, Probe (Chrono Boost)  
  119  11:43  Sentry, Archon, Observer  
  119  11:44  Probe (Chrono Boost)  
  122  11:52  Dark Shrine  
  122  11:54  Probe (Chrono Boost)  
  123  11:57  Disruptor (Chrono Boost), Probe (Chrono Boost)  
  123  11:59  Probe (Chrono Boost)  
  128  12:02  Zealot  
  128  12:03  Probe  
  128  12:05  Probe  
  128  12:07  Pylon  
  128  12:08  Protoss Ground Weapons Level 3 (Chrono Boost), Observer  
  132  12:11  High Templar x2  
  132  12:12  Probe  
  132  12:13  Probe x2  
  139  12:19  Zealot x4  
  147  12:23  Disruptor (Chrono Boost)  
  147  12:24  Probe  
  147  12:25  Protoss Ground Armor Level 2 (Chrono Boost)  
  147  12:28  Probe  
  150  12:31  Stalker x3  
  150  12:34  Probe  
  150  12:35  Probe  
  158  12:37  Assimilator  
  158  12:42  Probe x3  
  161  12:47  Stalker x2  
  161  12:51  Zealot  
  167  12:55  Robotics Facility  
  167  13:03  Stalker x2  
  167  13:04  Stalker x2  
  175  13:06  Shadow Stride (Chrono Boost)  
  175  13:11  Assimilator  
  175  13:13  Pylon  
  147  13:35  Warp Prism (Chrono Boost)  
  147  13:40  Immortal (Chrono Boost)  
  132  13:41  Zealot x9  
  132  13:42  Observer  
  132  13:46  Disruptor (Chrono Boost)  
  124  13:56  Gateway  
  124  13:57  Gateway  
  124  13:58  Observer  
  124  14:00  Gateway  
  124  14:01  Nexus  
  124  14:04  Stargate  
  124  14:05  High Templar x7, Protoss Air Weapons Level 1 (Chrono Boost)  
  124  14:09  Archon x2  
  136  14:10  Stalker x2, Archon  
  136  14:16  Immortal (Chrono Boost)  
  142  14:28  Gravitic Boosters  
  142  14:37  Disruptor (Chrono Boost), Zealot x3  
  142  14:38  Stalker x5  
  150  14:40  Disruptor (Chrono Boost)  
  150  14:42  High Templar  
  166  14:50  Protoss Ground Armor Level 3 (Chrono Boost)  
  154  14:55  Zealot x3  
  160  15:01  Probe  
  160  15:04  Protoss Shields Level 1 (Chrono Boost)  
  160  15:06  Zealot x5  
  158  15:16  Zealot x3  
  158  15:18  Zealot x3  
  142  15:22  Dark Templar  
  142  15:28  High Templar x5  
  146  15:31  Probe  
  146  15:33  Archon x2  
  147  15:38  Fleet Beacon  
  147  15:39  Gateway  
  147  15:41  Gateway  
  147  15:45  Stalker x3  
  147  15:49  Zealot x3  
  159  15:58  Archon  
  159  16:00  Zealot x5  
  159  16:01  Zealot  
  171  16:19  Observer  
  171  16:20  Observer  
  171  16:21  High Templar, Stalker x3  
  171  16:22  Stargate x2  
  171  16:23  Stargate  
  171  16:25  Observer  
  177  16:28  Colossus (Chrono Boost)  
  177  16:29  Colossus (Chrono Boost)  
  189  16:34  Assimilator  
  189  16:36  Assimilator  
  175  16:48  Stalker x3  
  175  16:52  Disruptor (Chrono Boost)  
  172  17:05  Pylon  
  172  17:08  Zealot x7, Shield Battery  
  186  17:13  Disruptor (Chrono Boost)  
  184  17:19  Disruptor (Chrono Boost)  
  184  17:21  Archon  
  188  17:23  Nexus  
  188  17:27  Stalker  
  188  17:28  Stalker  
  188  17:32  Disruptor (Chrono Boost)  
  170  17:37  Zealot  
  170  17:38  Zealot x5  
  174  17:45  Stalker x3  
  174  17:47  Colossus  
  174  17:51  High Templar x5  
  192  18:09  Protoss Shields Level 2 (Chrono Boost), Zealot x5  
  200  19:28  Assimilator  
  200  19:30  Assimilator  
Show
View Real Time Build Order
Export as new Build Order

Prøject Terran 

Build Orders:  

Get SALT Encoding   

  12  0:00  SCV  
  13  0:13  SCV  
  14  0:18  Supply Depot  
  14  0:25  SCV  
  15  0:39  SCV  
  15  0:41  Barracks  
  16  0:45  Refinery  
  16  0:51  SCV  
  17  1:03  SCV  
  18  1:16  SCV  
  19  1:28  Marine  
  19  1:29  Orbital Command  
  20  1:42  Command Center  
  20  1:47  Barracks Reactor  
  20  1:54  SCV  
  20  1:58  Supply Depot  
  21  2:06  SCV  
  22  2:10  Factory  
  22  2:18  SCV  
  23  2:23  Marine x2  
  23  2:27  Bunker  
  25  2:30  SCV  
  26  2:41  Marine x2  
  26  2:43  SCV  
  29  2:54  Orbital Command  
  29  2:55  SCV  
  30  3:01  Hellion, Starport  
  32  3:07  SCV  
  32  3:12  Refinery  
  33  3:16  Supply Depot  
  33  3:19  SCV x2  
  35  3:22  Marine  
  35  3:24  Factory Tech Lab  
  36  3:28  Marine  
  36  3:31  SCV  
  38  3:35  SCV  
  39  3:43  SCV  
  39  3:45  Barracks  
  39  3:48  SCV  
  41  3:49  Supply Depot  
  41  3:54  Raven  
  44  3:55  SCV  
  44  3:57  Barracks  
  44  4:00  SCV  
  45  4:04  Marine x2  
  45  4:07  SCV  
  48  4:12  Engineering Bay, SCV, Supply Depot  
  49  4:19  Refinery, Factory Tech Lab, SCV  
  49  4:23  Marine x2  
  53  4:24  SCV  
  51  4:32  SCV  
  51  4:36  SCV  
  53  4:44  SCV, Terran Infantry Weapons Level 1  
  54  4:46  Refinery, Stimpack  
  54  4:48  Marine x4, SCV  
  59  4:54  Siege Tank  
  59  4:56  SCV  
  63  5:02  Supply Depot, SCV  
  63  5:04  Supply Depot  
  63  5:06  Barracks Tech Lab  
  64  5:07  Marine x2  
  64  5:08  SCV  
  64  5:14  SCV  
  68  5:18  Supply Depot  
  68  5:21  Starport Reactor  
  68  5:23  SCV, Marauder  
  68  5:25  Combat Shield  
  71  5:32  Marine x2  
  71  5:33  Marine  
  71  5:34  Siege Tank  
  77  5:37  Supply Depot  
  77  5:50  Command Center  
  77  5:51  Marauder  
  77  5:54  Marine x2, Marauder  
  83  5:59  Supply Depot  
  83  6:03  SCV x2  
  85  6:06  Siege Tank, Medivac  
  85  6:07  Barracks  
  85  6:08  Barracks  
  89  6:15  Medivac  
  91  6:20  SCV  
  91  6:24  Supply Depot  
  91  6:25  Supply Depot  
  91  6:27  Marine  
  91  6:28  Marauder x2  
  91  6:32  Concussive Shells  
  96  6:39  Marine  
  96  6:45  Marine  
  96  6:46  Siege Tank  
  101  6:49  Marauder x2  
  101  6:50  SCV  
  101  6:53  Supply Depot  
  105  6:56  Barracks Tech Lab, Barracks Reactor  
  105  6:57  Marine  
  106  7:03  Marine  
  106  7:04  SCV x2  
  106  7:06  Terran Infantry Armor Level 1  
  109  7:10  Marine  
  110  7:16  SCV  
  110  7:17  SCV  
  110  7:20  Marauder x2  
  110  7:21  Siege Tank  
  110  7:22  Marine x2  
  121  7:26  Refinery  
  121  7:27  Supply Depot  
  121  7:29  Refinery  
  121  7:35  Medivac  
  121  7:36  Marine, Marauder  
  126  7:37  Orbital Command, Supply Depot  
  126  7:38  SCV x2  
  126  7:40  Supply Depot  
  126  7:42  Marauder  
  126  7:43  Supply Depot  
  130  7:50  SCV x2  
  132  7:55  Marine  
  132  7:56  Marine, Siege Tank, Marauder  
  132  7:58  Marauder  
  141  8:00  Medivac  
  141  8:02  SCV  
  144  8:07  Medivac  
  146  8:24  Marine x2, Marauder  
  146  8:25  Marine x2, Marauder  
  146  8:26  Marauder  
  151  8:42  Siege Tank, Marine x2, SCV  
  151  8:46  Marauder x2  
  161  8:49  Engineering Bay  
  161  8:50  Armory  
  141  9:10  Marauder  
  141  9:11  Marauder x2  
  141  9:12  Marine  
  141  9:13  Marine  
  141  9:14  Siege Tank  
  141  9:17  Marine x2  
  146  9:19  Medivac x2  
  152  9:30  Marine x2  
  143  9:31  Marauder  
  143  9:32  SCV  
  143  9:33  Marauder x2  
  150  9:39  Marine x2  
  152  9:50  Terran Infantry Weapons Level 2, Terran Infantry Armor Level 2  
  152  9:51  Viking x2  
  156  9:53  Marauder  
  156  9:54  Marauder x2  
  156  9:56  SCV x3  
  164  10:11  Marine  
  164  10:12  Marine x2  
  167  10:14  Marauder  
  167  10:15  Marauder  
  167  10:16  Marine, Marauder  
  174  10:29  Marine x3  
  174  10:30  Siege Tank  
  174  10:34  Barracks x2  
  179  10:35  Barracks  
  179  10:36  Marauder  
  179  10:41  Terran Ship Weapons Level 1  
  181  10:44  Ghost Academy  
  128  10:57  Marine x2  
  128  10:58  Marine x2, Marauder x3  
  109  11:15  Marine x3  
  109  11:16  Marine  
  111  11:19  Marauder x2  
  111  11:20  Marauder  
  111  11:23  Siege Tank  
  111  11:25  Viking x2, Barracks Tech Lab x2, Barracks Reactor  
  124  11:28  Command Center  
  124  11:33  Marine x3  
  124  11:34  Marine  
  128  11:40  Marauder x2  
  128  11:42  Sensor Tower  
  132  11:47  Ghost x2  
  132  11:48  Missile Turret  
  132  11:51  Missile Turret  
  132  11:52  Missile Turret  
  136  11:57  Viking  
  136  11:58  Viking  
  140  12:02  Enhanced Shockwaves  
  140  12:13  Marauder x2  
  140  12:14  Marine x2, Marauder  
  147  12:16  Marauder  
  147  12:17  SCV x2  
  151  12:22  Ghost  
  151  12:25  Siege Tank  
  151  12:28  SCV  
  157  12:31  SCV  
  157  12:35  Marauder  
  160  12:44  Liberator x2  
  164  12:52  Planetary Fortress  
  164  12:53  SCV x2  
  164  12:54  Sensor Tower  
  164  12:57  Marine  
  164  12:58  Marine x3, Marauder x3  
  176  13:00  Siege Tank  
  176  13:02  SCV  
  180  13:05  SCV  
  180  13:11  Marauder x2  
  147  13:37  Marauder  
  125  13:41  Marauder  
  125  13:43  Marine x3, Marauder  
  125  13:44  Marauder  
  114  13:48  SCV  
  114  13:52  Marine x2, Siege Tank, Marauder  
  122  13:59  Marauder  
  122  14:01  SCV x2  
  122  14:02  Marine x4  
  132  14:03  Marauder  
  132  14:04  Ghost  
  132  14:05  Marauder  
  132  14:09  Marine, Terran Infantry Weapons Level 3, Terran Infantry Armor Level 3  
  136  14:12  Ghost  
  139  14:20  Marauder  
  139  14:23  SCV x3  
  146  14:24  Marauder  
  146  14:26  Marauder  
  148  14:33  Marauder  
  148  14:37  Refinery  
  148  14:38  Refinery, Command Center  
  150  14:39  SCV  
  150  14:41  Marauder  
  150  14:42  Marauder  
  157  14:45  Marauder  
  146  14:56  Liberator, Marauder x2  
  146  14:57  Liberator  
  156  15:02  Ghost x2  
  144  15:15  Marine x2  
  144  15:16  Marauder  
  144  15:18  Marine x2, Marauder  
  144  15:19  Marauder  
  144  15:20  Marine x2  
  118  15:31  Marauder x2  
  120  15:37  Marauder  
  120  15:38  Ghost  
  120  15:39  Ghost  
  126  15:45  Starport  
  126  15:50  Factory Reactor  
  126  15:58  Missile Turret  
  126  15:59  Ghost x2, Marine  
  126  16:02  SCV x3  
  126  16:03  Marine x2, Marauder  
  126  16:04  Marine x2  
  139  16:07  Marauder  
  142  16:15  Marauder  
  142  16:16  Marine  
  142  16:17  Marine  
  143  16:25  Marauder  
  145  16:28  Marauder  
  145  16:31  Ghost x2, Marine x2  
  147  16:33  SCV  
  142  16:57  SCV  
  140  17:02  SCV x2  
  140  17:04  Medivac x2  
  146  17:15  SCV  
  138  17:16  SCV  
  138  17:17  Marine, Marauder  
  138  17:20  SCV  
  131  17:24  Marauder x2  
  131  17:28  Marauder  
  136  17:31  SCV  
  106  17:40  Marine  
  106  17:41  Marauder  
Tags
 
Add a new tag
Caveats
  • Supply blocks, unpowered buildings, or Contaminate may cause inaccurate times.
  • Supply counts are checked every 10 seconds.